 Dungeon Crawl Stone Soup version 0.32-a0-818-gb728d0252e (webtiles) character file.

Game seed: 14017439082217758210

277 shadizar the Magician (level 6, -8/40 HPs)
             Began as a Djinni Air Elementalist on Mar 23, 2024.
             Mangled by a gnoll
             ... wielding a +0 halberd
              (10 damage)
             ... on level 4 of the Dungeon.
             The game lasted 00:01:57 (2290 turns).

shadizar the Magician (Djinni Air Elementalist)     Turns: 2290, Time: 00:01:58

Health: -8/40      AC:  3    Str:  7    XL:     6   Next: 51%
Gold:   145        EV: 11    Int: 19    God:
                   SH:  0    Dex: 13

rFire   + + .        (no weapon)
rCold   x . .        (no shield)
rNeg    . . .        a - +0 robe
rPois   ∞            d - +0 helmet
rElec   .            (no cloak)
rCorr   .            (no gloves)
SInv    .            (boots unavailable)
Will    .....        (no amulet)
Stlth   ++           (no ring)
HPRegen 0.26/turn    (no ring)
MPRegen 0.00/turn

%: infuse magic (-9 HP)
@: on berserk cooldown, flying, slowed, very slow
A: sickness immunity, fire resistance 2, cold vulnerability 1, float, innate
caster, HP casting, extra vitality 1
a: no special abilities


You were on level 4 of the Dungeon.
You visited 1 branch of the dungeon, and saw 4 of its levels.

You collected 145 gold pieces.

Inventory:

Armour
 a - a +0 robe (worn)
 d - a +0 helmet (worn)
Wands
 m - a wand of digging (6)
 n - a wand of mindburst (9)
Scrolls
 b - a scroll of torment {unknown}
 f - 2 scrolls of identify {unknown}
 g - a scroll of brand weapon {unknown}
 i - 2 scrolls of teleportation {unknown}
 j - a scroll of enchant armour {unknown}
 k - a scroll of blinking {unknown}
Potions
 e - a potion of haste {unknown}
 h - a potion of degeneration {unknown}
 l - a potion of ambrosia {unknown}


   Skills:
 - Level 2.1 Dodging
 - Level 1.5 Stealth
 + Level 5.7 Spellcasting
 + Level 5.7 Conjurations
 + Level 5.7 Hexes
 + Level 5.7 Summonings
 + Level 5.7 Necromancy
 + Level 5.7 Translocations
 + Level 5.7 Fire Magic
 + Level 5.7 Ice Magic
 + Level 5.7 Air Magic
 + Level 5.7 Earth Magic
 + Level 5.7 Alchemy


You knew the following spells:

 Your Spells              Type           Power      Damage    Failure   Level
a - Shock                 Conj/Air       100%       1d9       1%          1
b - Static Discharge      Conj/Air       54%        3-6/arc   1%          2
c - Swiftness             Air            27%        N/A       3%          3
d - Airstrike             Air            13%        2d(2-18)  11%         4
e - Summon Small Mammal   Summ           100%       N/A       1%          1
f - Blink                 Tloc           54%        N/A       1%          2
Your spell library was empty.

Dungeon Overview and Level Annotations

Branches:
Dungeon (4/15)             Temple (0/1) D:4

Altars:
Trog
Xom

Shops:
D:3 !


Innate Abilities, Weirdness & Mutations

You are immune to sickness and miasma.
You are immune to poison.
Your flesh is very heat resistant. (rF++)
You are vulnerable to cold. (rC-)
You float through the air rather than walking.
You learn spells naturally, not from books.
Your magical power is your life essence.
You have superior vitality. (+4 MHP)


Message History

The gnoll hits you from afar with a +0 spear.
* * * LOW HITPOINT WARNING * * *
The gnoll attacks as it pursues you!
The gnoll hits you from afar with a +0 spear!
* * * LOW HITPOINT WARNING * * *
Okay, then.
Casting: Shock (safe; 1% risk of failure)
Confirm with . or Enter, or press ? or * to list all spells.
Okay, then.
Casting: Shock (safe; 1% risk of failure)
Confirm with . or Enter, or press ? or * to list all spells.
Okay, then.
Casting: Shock (safe; 1% risk of failure)
Confirm with . or Enter, or press ? or * to list all spells.
You blink.
* * * LOW HITPOINT WARNING * * *
It was a potion of berserk rage.
A red film seems to cover your vision as you go berserk!
You feel yourself moving faster!
You feel mighty!
You are too berserk!
You feel a strong urge to attack something.
The gnoll hits you from afar with a +0 halberd.
* * * LOW HITPOINT WARNING * * *
The gnoll barely misses you.
You barely miss the gnoll.
The gnoll is heavily wounded.
The gnoll barely misses you.
You punch the gnoll!
You kill the gnoll!
You hit the iguana but do no damage.
The iguana is moderately wounded.
The gnoll hits you but does no damage. The iguana closely misses you.
You closely miss the iguana.
The iguana is moderately wounded.
You are no longer berserk.
You are exhausted.
You feel yourself slow down.
You feel ready to blink again.
The gnoll hits you from afar with a +0 halberd!
You die...

......)#### ........>.####
.............#
######.##.##.######
####.##..#...##.#####
#.....>...##......#.#
#.....g.....#.....#.#
#.....l)..#.#.......#
##.....@............##
#######..................###
#..............).##.....†#.#
#......#########.)..#....#.#
#..^.......# ##.#)........###
#......###.####..#.)##.....#..
#..>...# #.............#......
############.....#.##.........
.................####....


You could see an iguana and a gnoll.

Vanquished Creatures
  3 vampire bats (D:3)
  An iguana (D:3)
  An orc wizard (D:4)
  2 gnolls (D:4)
  5 adders
  A ribbon worm (D:2)
  5 orcs
  3 bats
  A bat skeleton (D:3)
  5 bat zombies (D:3)
  2 endoplasms
  6 goblins
  4 hobgoblins
  A jackal (D:3)
  9 kobolds
  3 ball pythons
  5 frilled lizards
  A rat (D:2)
58 creatures vanquished.

Vanquished Creatures (others)
  An arcanist (D:3)
1 creature vanquished.

Grand Total: 59 creatures vanquished

Notes
Turn   | Place    | Note
-------+----------+-------------------------------------------
     0 | D:1      | shadizar the Djinni Air Elementalist began the quest for
                  | the Orb.
     0 | D:1      | shadizar set off with the following spells memorised:
                  | Shock, Static Discharge, Swiftness, Airstrike.
     0 | D:1      | Reached XP level 1. HP: 15/15 MP: 0/0
   264 | D:1      | Reached XP level 2. HP: 19/21 MP: 0/0
   281 | D:1      | Found a faded altar of an unknown god.
   934 | D:2      | Reached XP level 3. HP: 23/25 MP: 0/0
   934 | D:2      | Learned a level 1 spell: Summon Small Mammal
  1416 | D:3      | Found Vykhle's Distillery.
  1453 | D:3      | Reached XP level 4. HP: 27/31 MP: 0/0
  1526 | D:3      | Found a shimmering altar of Xom.
  1824 | D:3      | Found a bloodstained altar of Trog.
  1829 | D:3      | Noticed a wizard
  1832 | D:3      | Killed a wizard
  1874 | D:3      | Reached XP level 5. HP: 34/35 MP: 0/0
  1874 | D:3      | Learned a level 2 spell: Blink
  1919 | D:3      | Reached skill level 5 in Spellcasting
  1919 | D:3      | Reached skill level 5 in Conjurations
  1919 | D:3      | Reached skill level 5 in Hexes
  1919 | D:3      | Reached skill level 5 in Summonings
  1919 | D:3      | Reached skill level 5 in Necromancy
  1919 | D:3      | Reached skill level 5 in Translocations
  1919 | D:3      | Reached skill level 5 in Fire Magic
  1919 | D:3      | Reached skill level 5 in Ice Magic
  1919 | D:3      | Reached skill level 5 in Air Magic
  1919 | D:3      | Reached skill level 5 in Earth Magic
  1919 | D:3      | Reached skill level 5 in Alchemy
  1921 | D:3      | Reached XP level 6. HP: 23/40 MP: 0/0
  2270 | D:4      | Found a staircase to the Ecumenical Temple.
  2286 | D:4      | HP: 2/60 [gnoll/+0 halberd (2)]
  2290 | D:4      | Mangled by a gnoll

Illustrated notes

Levels and vault maps discovered:
D:1:      roadster_arrival_rocket_small, layout_loops_corners,
          shapermc_ecumenical_altar_mp_ritualfount, minmay_tree_intersection
D:2:      layout_rooms
D:3:      layout_rooms, trog_wizard, kennysheep_vampire_church,
          xom_confusion_cloud, serial_shops, shop
D:4:      minmay_polygon_palace, layout_rooms, nicolae_tso_carved_into_rock,
          serial_glass, glass_columns_a, glass_columns_a

Skill      XL: |  1  2  3  4  5 |
---------------+----------------+-----
Spellcasting   | 4 5 |  5.7
Conjurations   | 4 5 |  5.7
Hexes          | 4 5 |  5.7
Summonings     | 4 5 |  5.7
Necromancy     | 4 5 |  5.7
Translocations | 4 5 |  5.7
Fire Magic     | 4 5 |  5.7
Ice Magic      | 4 5 |  5.7
Air Magic      | 4 5 |  5.7
Earth Magic    | 4 5 |  5.7
Alchemy        | 4 5 |  5.7
Dodging        | |  2.1
Stealth        | |  1.5

Action                     |  1- 3 |  4- 6 || total
---------------------------+-------+-------++-------
  Melee: Unarmed           |       |     4 ||     4
   Cast: Shock             |    60 |    63 ||   123
         Blink             |       |     1 ||     1
    Use: Potion            |       |     1 ||     1
 Armour: Robe              |     3 |    18 ||    21
  Dodge: Dodged            |     1 |    17 ||    18

Table legend: (Time is in decaauts)
 A = Elapsed time spent in this place.
 B = Non-inter-level travel time spent in this place.
 C = Inter-level travel time spent in this place.
 D = Time resting spent in this place.
 E = Time spent auto-exploring this place.
 F = Levels seen in this place.
 G = Mean time per level.
                   A        B        C        D        E       F      G
               +--------+--------+--------+--------+--------+-----+--------+
         Total |   2287 |   2187 |    100 |      0 |   1953 |   4 |  571.8 |
       Dungeon |   2287 |   2187 |    100 |      0 |   1953 |   4 |  571.8 |
               +--------+--------+--------+--------+--------+-----+--------+

Top non-repeatable levels by time:
     D:1: 897 daAuts
     D:3: 706 daAuts
     D:2: 514 daAuts
     D:4: 169 daAuts
